 Dungeon Crawl Stone Soup version 0.28.0-43-g3370ac3207 (webtiles) character file.

Game seed: 17478413508228288384

2431 Faeu the Protected (level 9, -3/82 HPs)
             Began as a Minotaur Fighter on Mar 28, 2022.
             Was a Follower of Makhleb.
             Killed from afar by Maggie (16 damage)
             ... with a bolt of acid
             ... on level 6 of the Dungeon.
             The game lasted 00:34:14 (5771 turns).

Faeu the Protected (Minotaur Fighter)               Turns: 5771, Time: 00:34:15

Health: -3/82      AC: 12    Str: 30    XL:     9   Next: 24%
Magic:  8/8        EV:  7    Int:  7    God:    Makhleb [*.....]
Gold:   324        SH:  7    Dex: 19    Spells: 8/8 levels left

rFire   . . .      SeeInvis .   o - +9 spear of Calamity {freeze, rPois Will+ Int+2 Dex-2, polearm}
rCold   . . .      Faith    .   c - +0 buckler
rNeg    . . .      Spirit   .   A - +3 plate armour of the Dozen Xeniums {Str+6 Dex+4 Stlth-}
rPois   +          Reflect  .   (helmet restricted)
rElec   .          Harm     .   (no cloak)
rCorr   .          Rampage  .   (no gloves)
Will    +++..                   (no boots)
Stlth   ..........              (no amulet)
HPRegen 0.23/turn               B - ring "Pel Lar" {Will++ Dex+6}
MPRegen 0.11/turn               (no ring)

@: corroded
A: horns 2, retaliatory headbutt
a: Renounce Religion


You were on level 6 of the Dungeon.
You worshipped Makhleb.
Makhleb was aware of your devotion.
You visited 1 branch of the dungeon, and saw 6 of its levels.

You collected 324 gold pieces.


Innate Abilities, Weirdness & Mutations

You have a pair of horns on your head.
You reflexively headbutt those who attack you in melee.


   Skills:
 + Level 8.3 Fighting
 + Level 7.8 Long Blades
 + Level 8.3 Armour
 + Level 8.3 Shields


You had 8 spell levels left.
You didn't know any spells.
Your spell library contained the following spells:

 Spells                   Type           Power      Damage    Failure   Level
 Animate Skeleton         Necr           0%         N/A       99%         1
 Apportation              Tloc           0%         N/A       99%         1
 Summon Small Mammal      Summ           0%         N/A       99%         1
 Corpse Rot               Necr/Air       0%         N/A       100%        2
 Ensorcelled Hibernation  Hex/Ice        0%         N/A       100%        2
 Sublimation of Blood     Necr           0%         N/A       100%        2
 Spider Form              Tmut/Pois      0%         N/A       100%        3
 Anguish                  Hex/Necr       0%         N/A       100%        4
 Agony                    Necr           0%         N/A       100%        5

Inventory:

Hand Weapons
 a - a +0 long sword {long}
 m - a +1 flail of protection {mace}
   (You took it off a gnoll on level 3 of the Dungeon)
 o - the +9 spear of Calamity (weapon) {freeze, rPois Will+ Int+2 Dex-2, polearm}
   (You found it on level 3 of the Dungeon)

   It freezes those it strikes, dealing additional cold damage.
   It can also slow down cold-blooded creatures.
   Int:       It affects your intelligence (+2).
   Dex:       It affects your dexterity (-2).
   rPois:     It protects you from poison.
   Will:      It increases your willpower.
 p - a +1 hand axe of distortion {!waxe}
   (You found it on level 3 of the Dungeon)
Missiles
 i - 5 poisoned darts {throwing}
 k - 197 stones {throwing}
 s - 3 boomerangs {throwing}
 y - 4 curare-tipped darts (quivered) {=fthrowing}
Armour
 c - a +0 buckler (worn)
 q - a +2 ring mail of poison resistance
   (You took it off an orc on level 3 of the Dungeon)
 A - the +3 plate armour of the Dozen Xeniums (worn) {Str+6 Dex+4 Stlth-}
   (You found it on level 6 of the Dungeon)

   Str:       It affects your strength (+6).
   Dex:       It affects your dexterity (+4).
   Stlth:     It makes you less stealthy.
Jewellery
 B - the ring "Pel Lar" (left hand) {Will++ Dex+6}
   (You found it on level 6 of the Dungeon)

   [ring of dexterity]

   Dex:       It affects your dexterity (+6).
   Will:      It greatly increases your willpower.
Wands
 b - a wand of paralysis (9)
   (You took it off Ijyb on level 4 of the Dungeon)
 v - a wand of flame (17)
   (You found it on level 5 of the Dungeon)
Scrolls
 e - 3 scrolls of noise {!r}
 j - 3 scrolls of identify {@r1}
 n - a scroll of silence {!r}
 x - a scroll of immolation {!r!r}
 z - a scroll of fog
Potions
 d - a potion of might
 f - a potion of ambrosia {unknown}
 g - a potion of lignification {unknown}
 h - 2 potions of curing {@q1}
 l - 2 potions of mutation {!q}
 r - a potion of attraction {unknown}
 t - a potion of degeneration {unknown}
 u - a potion of berserk rage {unknown}
 w - a potion of cancellation {unknown}

Dungeon Overview and Level Annotations

Branches:
Dungeon (6/15)
 Temple: D:4-7

Altars:
Ashenzari
Cheibriados
Fedhas
Kikubaaqudgha
Makhleb
Uskayaw
Vehumet
Xom
Zin

Annotations:
D:6 Maggie

#..# #..# ## #.
###..###. # ..
#.....#.. #.
.######.###....
.####(#..<..........
..!...........[####
##.....####..####
##.@### #.## #...@# .
#..# ####.##.# .###.##
#####.......# ..#..#
#......≈≈≈..# #...#
######.####..⌠≈.####..#
#.<.........≈...# #..#
#
#...............###..#
#
#...........###......##
###
#.........#..####.##..#
####..


You could see Maggie.


Message History

The centaur warrior zombie hits you but does no damage.
You block the centaur warrior zombie's attack.
You puncture the centaur warrior zombie!
The centaur warrior zombie hits you but does no damage.
You block the centaur warrior zombie's attack. 😕 HP[+1]
You puncture the centaur warrior zombie!
The centaur warrior zombie hits you.
The centaur warrior zombie kicks you but does no damage.
The centaur warrior zombie barely misses you.
You furiously retaliate!
You headbutt the centaur warrior zombie!
The centaur warrior zombie kicks you. 😕 HP[-4]
You take 4 damage, and now have 63/81 hp.
You puncture the centaur warrior zombie!
You headbutt the centaur warrior zombie!
You block the centaur warrior zombie's attack.
The centaur warrior zombie kicks you but does no damage.
You puncture the centaur warrior zombie!
You destroy the centaur warrior zombie!
Makhleb accepts your kill. 😕 HP[+1] 😕 HP[+1]
You pick up a book of Cantrips and begin reading...
You add the spells Summon Small Mammal and Apportation to your library. 😕 HP[+1] 😕 HP[+1]
You now have 312 gold pieces (gained 7). 😕 HP[+1]
A wyvern zombie comes into view.
You block the wyvern zombie's attack.
You see here a book of Weapons.
You hit the wyvern zombie.
The wyvern zombie bites you but does no damage. x2 😕 HP[+1]
You hit the wyvern zombie. You headbutt the wyvern zombie!
The wyvern zombie bites you. 😕 HP[-1]
You take 1 damage, and now have 68/81 hp.
You puncture the wyvern zombie!
You headbutt the wyvern zombie, but do no damage.
The wyvern zombie barely misses you. You furiously retaliate!
You headbutt the wyvern zombie! You block the wyvern zombie's attack.
You puncture the wyvern zombie!
You destroy the wyvern zombie!
Makhleb accepts your kill. 😕 HP[+1]
You now have 82 max hp (+1). 😕 HP[+1] 😕 HP[+1]
e - 3 scrolls of noise {!r} (gained 1) 😕 HP[+1] 😕 HP[+1] 😕 HP[+1]
You start resting.
HP restored. 😎 HP[+8]
You now have 324 gold pieces (gained 12).
j - 4 scrolls of identify {@r1} (gained 1)
As you read the scroll of identify {@r1}, it crumbles to dust.
x - a scroll of immolation
B - the ring "Pel Lar" {Will++ Dex+6} You feel agile.
B - the ring "Pel Lar" (left hand) {Will++ Dex+6} You throw a curare-tipped dart {=fthrowing}.
The curare-tipped dart {=fthrowing} barely misses Maggie.
You hit Maggie but do no damage. Your headbutt misses Maggie.
Maggie smiles, but it's obviously fake.
Maggie zaps a wand.
The bolt of acid hits you!! 😮 HP[-30]
You take 30 damage, and now have 52/82 hp.
MASSIVE DAMAGE!! (PAUSE)
You hit Maggie. You freeze Maggie. You headbutt Maggie.
Maggie zaps a wand.
The bolt of acid hits you!
* * * LOW HITPOINT WARNING * * *
The acid corrodes you! 😨 HP[-17]
You take 17 damage, and now have 35/82 hp.
MASSIVE DAMAGE!! (PAUSE)
You barely miss Maggie.
Maggie casts a spell.
Maggie attempts to bespell you!
You resist with almost no effort. 😨 HP[+1]
You puncture Maggie! You freeze Maggie. You headbutt Maggie.
Maggie zaps a wand.
The bolt of acid hits you!!
* * * LOW HITPOINT WARNING * * *
😱 HP[-23]
You take 23 damage, and now have 13/82 hp.
MASSIVE DAMAGE!! (PAUSE)
Aiming: Paralyse
Press: ? - help, Shift-Dir - straight line, f/p - Maggie
Aim: Maggie, wielding a +0 long sword, wearing +2 swamp dragon scales and carrying a wand of acid (1) (moderately wounded, chance to affect: 49%) Maggie resists with some effort.
Maggie zaps a wand.
The bolt of acid hits you!
You die...

Skill      XL: |  1  2  3  4  5  6  7  8  9 |
---------------+----------------------------+-----
Fighting       | 4 5 6 7 8 |  8.3
Armour         | 4 5 6 7 8 |  8.3
Shields        | 4 5 6 7 8 |  8.3
Long Blades    | 3 4 5 6 7 |  7.8

Action                   |  1- 3 |  4- 6 |  7- 9 || total
-------------------------+-------+-------+-------++-------
Melee: Long sword        |    92 |    66 |       ||   158
       Headbutt          |     8 |    15 |    36 ||    59
       Spear             |       |    51 |   141 ||   192
       Flail             |       |    10 |       ||    10
Throw: Stone             |     2 |     1 |       ||     3
       Dart              |       |     5 |     1 ||     6
       Boomerang         |       |       |     3 ||     3
Invok: Renounce Religion |       |       |     1 ||     1
Evoke: Wand              |       |       |     1 ||     1
  Use: Scroll            |       |       |     5 ||     5
       Potion            |       |       |     2 ||     2
Armor: Scale mail        |    54 |    27 |       ||    81
       Ring mail         |       |    19 |    55 ||    74
       Plate armour      |       |       |    20 ||    20
Dodge: Dodged            |    50 |    45 |    60 ||   155
Block: Buckler           |    21 |    24 |    51 ||    96

Levels and vault maps discovered:
D:1:      nzn_arrival_crosshair, layout_rooms,
          ebering_ecumenical_altar_sacrificial
D:2:      layout_loops_ring, minmay_misc_feat_secret_circle, uniq_natasha
D:3:      layout_basic, general_overflow_altar, mainiacjoe_overflow_boulevard
D:4:      layout_basic, marbit_many_paths, minitemple, uniq_grinder, uniq_ijyb
D:5:      minmay_razor_zed, layout_basic, mrwooster_statue_mirror,
          lemuel_flamethrower_2
D:6:      layout_rooms, corexii_leaking_fountain, uniq_maggie

Notes
Turn   | Place    | Note
-------+----------+-------------------------------------------
     0 | D:1      | Faeu the Minotaur Fighter began the quest for the Orb.
     0 | D:1      | Reached XP level 1. HP: 19/19 MP: 0/0
     0 | D:1      | magus.rc [v1.9.6]
    43 | D:1      | HP: 5/20 [hobgoblin (2)]
    45 | D:1      | Reached XP level 2. HP: 6/27 MP: 1/1
   437 | D:1      | Reached skill level 4 in Fighting
   437 | D:1      | Reached skill level 4 in Armour
   470 | D:1      | Reached skill level 4 in Shields
   502 | D:1      | Reached skill level 3 in Long Blades
   502 | D:1      | Reached XP level 3. HP: 31/33 MP: 2/2
   527 | D:1      | Found a faded altar of an unknown god.
   553 | D:1      | Prayed at the altar of an unknown god.
   553 | D:1      | Became a worshipper of Kikubaaqudgha
   553 | D:1      | Reached * piety under Kikubaaqudgha
   553 | D:1      | You add the spells Animate Skeleton, Corpse Rot,
                  | Sublimation of Blood and Agony to your library.
   553 | D:1      | Received a gift from Kikubaaqudgha
   779 | D:2      | Noticed Natasha
   786 | D:2      | Killed Natasha
   787 | D:2      | Reached XP level 4. HP: 41/41 MP: 3/3
   898 | D:2      | Noticed Natasha
   907 | D:2      | Killed Natasha
   913 | D:2      | magus.rc [v1.9.6]
  1178 | D:2      | Noticed Natasha
  1188 | D:2      | Killed Natasha
  1405 | D:2      | Reached ** piety under Kikubaaqudgha
  1406 | D:2      | Reached XP level 5. HP: 47/47 MP: 4/4
  1711 | D:3      | Reached skill level 4 in Long Blades
  1876 | D:3      | Found a radiant altar of Vehumet.
  1920 | D:3      | Reached skill level 5 in Fighting
  1920 | D:3      | Reached skill level 5 in Armour
  2081 | D:3      | Identified the +9 spear of Calamity {freeze, rPois Will+
                  | Int+2 Dex-2}
  2152 | D:3      | Reached skill level 5 in Shields
  2387 | D:3      | Found a blossoming altar of Fedhas.
  2451 | D:4      | Noticed Ijyb
  2469 | D:4      | Killed Ijyb
  2470 | D:4      | Reached XP level 6. HP: 47/56 MP: 5/5
  2563 | D:4      | Noticed Grinder
  2577 | D:4      | Killed Grinder
  2578 | D:4      | Reached skill level 5 in Long Blades
  2578 | D:4      | Reached XP level 7. HP: 40/62 MP: 6/6
  2714 | D:4      | Found a shimmering altar of Xom.
  2718 | D:4      | Found a broken altar of Ashenzari.
  2718 | D:4      | Found a hide-covered altar of Uskayaw.
  2719 | D:4      | Found a burning altar of Makhleb.
  2720 | D:4      | Found an ancient bone altar of Kikubaaqudgha.
  2722 | D:4      | Found a snail-covered altar of Cheibriados.
  2932 | D:4      | Fell from the grace of Kikubaaqudgha
  3107 | D:4      | Reached skill level 6 in Fighting
  3107 | D:4      | Reached skill level 6 in Armour
  3110 | D:4      | Reached skill level 6 in Shields
  3371 | D:4      | Found a glowing silver altar of Zin.
  3685 | D:4      | Became a worshipper of Makhleb the Destroyer
  3736 | D:5      | Entered Level 5 of the Dungeon
  3853 | D:5      | magus.rc [v1.9.6]
  4284 | D:5      | Reached skill level 6 in Long Blades
  4284 | D:5      | Reached XP level 8. HP: 54/71 MP: 7/7
  4605 | D:5      | Reached skill level 7 in Fighting
  4605 | D:5      | Reached skill level 7 in Armour
  4605 | D:5      | Reached skill level 7 in Shields
  4691 | D:5      | You pick up a book of Dreams and begin reading...
  4691 | D:5      | You add the spells Ensorcelled Hibernation, Spider Form and
                  | Anguish to your library.
  5173 | D:6      | Noticed Maggie
  5240 | D:6      | Reached skill level 7 in Long Blades
  5574 | D:6      | Identified the +3 plate armour of the Dozen Xeniums {Str+6
                  | Dex+4 Stlth-}
  5581 | D:6      | Reached XP level 9. HP: 76/81 MP: 8/8
  5603 | D:6      | Reached * piety under Makhleb
  5604 | D:6      | Reached skill level 8 in Armour
  5611 | D:6      | Reached skill level 8 in Fighting
  5611 | D:6      | Reached skill level 8 in Shields
  5650 | D:6      | You pick up a book of Cantrips and begin reading...
  5650 | D:6      | You add the spells Summon Small Mammal and Apportation to
                  | your library.
  5748 | D:6      | Identified the ring "Pel Lar" {Will++ Dex+6}
  5770 | D:6      | HP: 13/82 [Maggie/bolt of acid (23)]
  5771 | D:6      | Killed from afar by Maggie

Vanquished Creatures
  A centaur zombie (D:6)
  Grinder (D:4)
  A hornet zombie (D:6)
  4 ogres
  2 black bears (D:5)
  A necrophage (D:6)
  A centaur (D:5)
  A phantom (D:5)
  4 scorpions
  A wyvern zombie (D:6)
  A water moccasin skeleton (D:5)
  3 hounds (D:4)
  3 bullfrog skeletons
  3 jellies
  Ijyb (D:4)
  3 orc wizards (D:4)
  Natasha (thrice) (D:2)
  3 hound skeletons
  6 gnolls
  7 adders
  A shadow imp (D:5)
  A white imp (D:6)
  2 ufetubi
  4 dart slugs
  11 orcs
  8 ball pythons
  6 endoplasms
  3 giant cockroaches
  7 goblins
  10 hobgoblins
  3 jackals (D:1)
  9 kobolds
  2 quokkas (D:1)
  A ball python zombie (D:5)
  6 bats
  3 frilled lizards
  8 rats
135 creatures vanquished.

Vanquished Creatures (others)
  A water moccasin zombie (D:5)
1 creature vanquished.

Grand Total: 136 creatures vanquished

Table legend:
 A = Non-vault XP
 B = Vault XP
 C = Vault XP percentage of total XP
 D = Non-vault monster count
 E = Vault monster count
 F = Vault count percentage of total count
                 A         B        C        D         E       F
            +---------+---------+-------+---------+---------+-------
      Total |    2208 |    1266 |  36.4 |     117 |      17 |  12.7
            +---------+---------+-------+---------+---------+-------
        D:1 |      58 |       0 |   0.0 |      34 |       0 |   0.0
        D:2 |     117 |      35 |  23.0 |      20 |       1 |   4.8
        D:3 |     123 |       0 |   0.0 |      22 |       0 |   0.0
        D:4 |     408 |     328 |  44.6 |      21 |       3 |  12.5
        D:5 |     373 |     903 |  70.8 |       7 |      13 |  65.0
        D:6 |    1129 |       0 |   0.0 |      13 |       0 |   0.0
            +---------+---------+-------+---------+---------+-------

Illustrated notes

Table legend:
 A = Kills in this place as a percentage of kills in entire the game.
 B = Kills by you in this place as a percentage of kills by you in the entire game.
 C = Kills by friends in this place as a percentage of kills by friends in the entire game.
 D = Other kills in this place as a percentage of other kills in the entire game.
 E = Experience gained in this place as a percentage of experience gained in the entire game.
 F = Experience gained in this place divided by the number of levels of this place that you have seen.
                   A       B       C       D       E      F
               +-------+-------+-------+-------+-------+----------------------
         Total | 100.0 | 100.0 |   N/A |   N/A | 100.0 | 579.0
       Dungeon | 100.0 | 100.0 |   N/A |   N/A | 100.0 | 579.0
               +-------+-------+-------+-------+-------+----------------------

Table legend: (Time is in decaauts)
 A = Elapsed time spent in this place.
 B = Non-inter-level travel time spent in this place.
 C = Inter-level travel time spent in this place.
 D = Time resting spent in this place.
 E = Time spent auto-exploring this place.
 F = Levels seen in this place.
 G = Mean time per level.
                   A        B        C        D        E       F      G
               +--------+--------+--------+--------+--------+-----+--------+
         Total |   5855 |   5659 |    196 |    912 |   2838 |   6 |  975.8 |
       Dungeon |   5855 |   5659 |    196 |    912 |   2838 |   6 |  975.8 |
               +--------+--------+--------+--------+--------+-----+--------+

Top non-repeatable levels by time:
     D:5: 1760 daAuts
     D:4: 1295 daAuts
     D:2: 904 daAuts
     D:3: 879 daAuts
     D:1: 723 daAuts
     D:6: 291 daAuts
